 Dungeon Crawl Stone Soup version 0.24.0-13-gcf9b3192b9 (webtiles) character file.

Game seed: 7315600004920719305, levelgen mode: deterministic

4 Aviak the Caller (level 1, 0/13 (15) HPs)
             Began as a Ghoul Summoner on Nov 5, 2019.
             Slain by a jackal (1 damage)
             ... on level 1 of the Dungeon.
             The game lasted 00:00:36 (438 turns).

Aviak the Caller (Ghoul Summoner)                    Turns: 438, Time: 00:00:37

HP:   0/13 (15)     AC:  2    Str: 11    XL:     1   Next: 70%
MP:   1/2           EV: 12    Int: 10    God:
Gold: 0             SH:  0    Dex:  9    Spells: 2/3 levels left

rFire    . . .     SeeInvis .   b - +0 club
rCold    + . .     Gourm    .   (no shield)
rNeg     + + +     Faith    .   a - +0 robe
rPois    ∞         Spirit   .   (no helmet)
rElec    .         Reflect  .   (no cloak)
rCorr    .         Harm     .   (no gloves)
MR       .....                  (no boots)
Stlth    ++........             (no amulet)
HPRegen  0.00/turn              (no ring)
MPRegen  0.08/turn              (no ring)

@: rotting
A: rotting body, claws 1, carnivore, cold resistance 1, negative energy
resistance 3, inhibited regeneration, torment resistance, unbreathing
a: no special abilities


You were on level 1 of the Dungeon.
You were not hungry.

You visited 1 branch of the dungeon, and saw 1 of its levels.

Inventory:

Hand Weapons
 b - a +0 club (weapon)
Armour
 a - a +0 robe (worn)
Comestibles
 c - 3 rations


   Skills:
 + Level 0.8 Fighting
 + Level 2.0 Dodging
 - Level 2.1 Stealth
 - Level 1.7 Spellcasting
 - Level 3.6 Summonings


You had 2 spell levels left.
You knew the following spells:

 Your Spells              Type           Power        Failure   Level  Hunger
a - Summon Small Mammal   Summ           #...         8%          1    ##.....

Your spell library contained the following spells:

 Spells                   Type           Power        Failure   Level  Hunger
 Call Imp                 Summ           #.......     11%         2    ###....
 Call Canine Familiar     Summ           #.......     22%         3    ####...
 Summon Guardian Golem    Hex/Summ       #.......     43%         3    ####...
 Summon Ice Beast         Ice/Summ       #.......     83%         4    #####..
 Summon Lightning Spire   Summ/Air       #.......     83%         4    #####..


Dungeon Overview and Level Annotations

Branches:
Dungeon (1/15)

Altars:


Innate Abilities, Weirdness & Mutations

Your body is rotting away.
You thrive on raw meat.
You are immune to poison.
You have sharp fingernails.
You are carnivorous and can eat meat at any time.
Your flesh is cold resistant. (rC+)
You are immune to negative energy. (rN+++)
You do not regenerate when monsters are visible.
You are immune to unholy pain and torment.
You can survive without breathing.


Message History

The jackal bites you.
* * * LOW HITPOINT WARNING * * *
Your rat barely misses the jackal.
The jackal closely misses you.
Your rat closely misses the jackal.
You hit the jackal but do no damage.
The jackal is severely wounded.
The jackal barely misses you.
Your rat barely misses the jackal.
Your rat bites the jackal but does no damage.
The jackal misses you.
Your rat bites the jackal.
The jackal dies!
You hit the jackal but do no damage.
The jackal is severely wounded.
The jackal bites you but does no damage.
Your rat closely misses the jackal.
The jackal bites you.
* * * LOW HITPOINT WARNING * * *
Your rat closely misses the jackal.
You hit the jackal.
The jackal is almost dead.
The jackal bites you.
You die...

###.###.##.####.##
##...# ##.##
##.#####.## #...#
#.## ##.###.##
##...# .## ##.#.##
###....# ## ##.##
#...#### ######
###.###
.....##...#
#....#.###
#...h#@#
#..hh#h### #.#rr.#
#.....# ##....#
#...># ......#
#..$...# #..>...#


You could see a jackal and 2 friendly rats.

Vanquished Creatures
  A hobgoblin (D:1)
  A jackal (D:1)
2 creatures vanquished.

Vanquished Creatures (collateral kills)
  A hobgoblin (D:1)
  2 jackals (D:1)
3 creatures vanquished.

Grand Total: 5 creatures vanquished

Notes
Turn   | Place    | Note
-------+----------+-------------------------------------------
     0 | D:1      | Aviak the Ghoul Summoner began the quest for the Orb.
     0 | D:1      | Reached XP level 1. HP: 14/14 MP: 2/2
   438 | D:1      | Slain by a jackal

Levels and vault maps discovered:
D:1:      nagdon_arrival_zigzag_paths, layout_basic

Skill      XL: |  1 |
---------------+----+-----
Dodging        | 2 |  2.0
Fighting       | |  0.8
Stealth        | |  2.1
Spellcasting   | |  1.7
Summonings     | |  3.6

Action                   || total
-------------------------++-------
Melee: Club              ||    11
       Unarmed           ||     5
 Cast: Summon Small Mamm ||     6
Armor: Robe              ||     4
Dodge: Dodged            ||    15
